 Dungeon Crawl Stone Soup version 0.26.0-15-gc6cd9f7 (webtiles) character file.

Game seed: 7315128725998472977

319 bonscott the Ducker (level 6, -4/46 HPs)
             Began as a Vampire Warper on Jan 24, 2021.
             Was a Follower of Makhleb.
             Slain by an ogre
             ... wielding a +0 giant club
              (25 damage)
             ... on level 4 of the Dungeon.
             The game lasted 00:12:28 (3703 turns).

bonscott the Ducker (Vampire Warper)                Turns: 3703, Time: 00:12:29

Health: -4/46      AC:  5    Str: 12    XL:     6   Next: 21%
Magic:  16/18      EV: 13    Int: 16    God:    Makhleb [*.....]
Gold:   246        SH:  0    Dex: 13    Spells: 8/10 levels left

rFire    . . .     SeeInvis +   r - +4 short sword
rCold    . . .     Faith    .   (no shield)
rNeg     . . .     Spirit   .   b - +0 leather armour
rPois    .         Reflect  .   i - +1 helmet
rElec    .         Harm     .   (no cloak)
rCorr    .         Rampage  .   (no gloves)
Will     .....                  (no boots)
Stlth    ++........             (no amulet)
HPRegen  0.35/turn              u - ring of magical power
MPRegen  0.16/turn              (no ring)

@: very slightly contaminated, regenerating quickly
A: fangs 3, see invisible, unbreathing
a: Exsanguinate, Renounce Religion


You were on level 4 of the Dungeon.
You worshipped Makhleb.
Makhleb was aware of your devotion.
You visited 1 branch of the dungeon, and saw 5 of its levels.

You collected 246 gold pieces.

Inventory:

Hand Weapons
 a - a +0 falchion
 r - a +4 short sword (weapon)
 t - a +1 antimagic battleaxe
 D - a +0 dagger of venom
Missiles
 e - 4 boomerangs of dispersal (quivered)
 f - 31 bolts
 q - 8 atropa-tipped darts
 x - 16 poisoned darts
 y - 2 boomerangs
 A - 5 javelins
 C - 8 sling bullets
 F - 89 stones
Armour
 b - a +0 leather armour (worn)
 i - a +1 helmet (worn)
Jewellery
 u - a ring of magical power (left hand)
Wands
 z - a wand of digging (6)
 E - a wand of flame (11)
Scrolls
 d - 2 scrolls of blinking
 g - a scroll of immolation {unknown}
 h - a scroll of magic mapping
 j - a scroll of fear {unknown}
 l - a scroll of fog
 m - a scroll of remove curse
 p - a scroll of identify
 s - a scroll of teleportation {unknown}
 B - a scroll of enchant armour
Potions
 c - a potion of heal wounds {unknown}
 k - 2 potions of cancellation
 n - 3 potions of curing {unknown}
 o - a potion of attraction {unknown}
 v - 2 potions of brilliance {unknown}
 w - a potion of might {unknown}


   Skills:
 + Level 2.7 Fighting
 + Level 3.0 Long Blades
 + Level 1.7 Throwing
 + Level 1.7 Armour
 + Level 3.2 Dodging
 + Level 3.2 Stealth
 + Level 2.6 Spellcasting
 + Level 3.1 Translocations


You had 8 spell levels left.
You knew the following spells:

 Your Spells              Type           Power        Failure   Level
q - Blink                 Tloc           N/A          11%         2

Your spell library contained the following spells:

 Spells                   Type           Power        Failure   Level
 Gell's Gravitas          Tloc           6%           21%         3
 Lesser Beckoning         Tloc           6%           21%         3
 Teleport Other           Tloc           12%          21%         3
 Passage of Golubria      Tloc           N/A          56%         4


Dungeon Overview and Level Annotations

Branches:
Dungeon (5/15)
 Temple: D:4-7

Altars:
Gozag
Makhleb
Wu Jian

Portals:
Abyss: D:3

Annotations:
D:3 2 transporters, Dani's ghost, amateur DDFi


Innate Abilities, Weirdness & Mutations

Your natural rate of healing is unusually fast.
You have razor-sharp teeth.
You have supernaturally acute eyesight. (SInv)
You can survive without breathing.


Message History

2 orcs and an orc wizard come into view.
Found 12 gold pieces.
There is a stone staircase leading up here.
An adder, an ogre and an ufetubus come into view.
The adder hisses angrily.
The ufetubus shouts!
The ogre shouts!
You hear a shout!
The orc wizard shouts!
Found 48 stones.
There is a stone staircase leading up here.
The ogre hits you with a +0 giant club!!
Ouch! That really hurt!
You climb upwards.
There is a stone staircase leading down here.
Casting: Blink (safe; 11% risk of failure)
Confirm with . or Enter, or press ? or * to list all spells.
You miscast Blink.
You are very lightly contaminated with residual magic.
Nothing appears to happen.
The ogre hits you with a +0 giant club!!
Ouch! That really hurt!
You die...

....#
####......#.####..#.##'#.'
##### #........#.##..........##
#######........#.##.####.#...##
#.....'..........#.......#...##
#.#####........###########...#
#.# #.)......# #...# #.#
#........# ##### #.# #......O.#
#.# #.......@#
#.#############################
#..............................
###############################


You could see an ogre.

Vanquished Creatures
  A centaur (D:5)
  A centaur skeleton (D:4)
  A worker ant (D:4)
  2 hound skeletons (D:4)
  Robin (D:1)
  3 adders
  2 oozes
  3 worms
  A dart slug (D:2)
  2 leopard geckos
  9 orcs
  7 bats
  A bat zombie (D:1)
  5 giant cockroaches
  20 goblins
  6 hobgoblins
  3 jackals (D:4)
  2 ball pythons
  11 frilled lizards
  A giant cockroach zombie (D:1)
  6 kobolds
  4 rats
92 creatures vanquished.

Vanquished Creatures (others)
  5 plants (D:3)
5 creatures vanquished.

Grand Total: 97 creatures vanquished

Notes
Turn   | Place    | Note
-------+----------+-------------------------------------------
     0 | D:1      | bonscott the Vampire Warper began the quest for the Orb.
     0 | D:1      | Reached XP level 1. HP: 16/16 MP: 3/3
   167 | D:1      | Reached XP level 2. HP: 22/22 MP: 5/5
   197 | D:1      | Reached skill level 1 in Throwing
   280 | D:1      | Reached skill level 1 in Armour
   536 | D:1      | You fall into a shaft and drop 1 floor!
   635 | D:2      | Noticed Robin
   687 | D:1      | Reached skill level 1 in Stealth
   690 | D:1      | Learned a level 2 spell: Blink
   756 | D:1      | Reached XP level 3. HP: 27/27 MP: 6/6
   775 | D:1      | Killed Robin
   955 | D:2      | Found a burning altar of Makhleb.
   977 | D:2      | Became a worshipper of Makhleb the Destroyer
  1349 | D:2      | Reached XP level 4. HP: 30/33 MP: 7/7
  1941 | D:3      | Reached * piety under Makhleb
  2067 | D:3      | Found a one-way gate to the infinite horrors of the Abyss.
  2067 | D:3      | Noticed Dani's ghost (amateur DDFi)
  2073 | D:3      | Noticed a small abomination
  2075 | D:3      | Noticed a small abomination
  2115 | D:3      | Noticed a small abomination
  2118 | D:3      | Found a transporter.
  2250 | D:3      | Found a transporter.
  2459 | D:3      | Reached XP level 5. HP: 16/39 MP: 8/8
  2633 | D:4      | Found an opulent altar of Gozag.
  3512 | D:5      | Entered Level 5 of the Dungeon
  3512 | D:5      | Found an ornate altar of the Wu Jian Council.
  3515 | D:5      | Noticed a centaur
  3526 | D:5      | Killed a centaur
  3527 | D:5      | Reached XP level 6. HP: 8/46 MP: 9/9
  3703 | D:4      | Slain by an ogre

Illustrated notes

Levels and vault maps discovered:
D:1:      saegor_arrival_fortress, layout_basic
D:2:      layout_basic, overflow_temple_1_default, kennysheep_generic_room_14,
          uniq_robin
D:3:      layout_rooms, gammafunk_ghost_abyssal_escape, minmay_lizard_king
D:4:      layout_basic, nicolae_gozag_seed_capital
D:5:      layout_basic, nicolae_overflow_hidden_temple, xom_teletrap_fun,
          minmay_temple_entry_purple_smoke, basic_altar

Skill      XL: |  1  2  3  4  5 |
---------------+----------------+-----
Fighting       | 2 |  2.7
Throwing       | 1 |  1.7
Armour         | 1 |  1.7
Stealth        | 1 2 3 |  3.2
Dodging        | 3 |  3.2
Translocations | 3 |  3.1
Long Blades    | 3 |  3.0
Spellcasting   | |  2.6

Action                   |  1- 3 |  4- 6 || total
-------------------------+-------+-------++-------
Melee: Falchion          |   141 |   145 ||   286
       Bite              |    12 |    22 ||    34
       Short sword       |       |     9 ||     9
Throw: Stone             |    28 |    65 ||    93
       Dart              |       |    11 ||    11
       Boomerang         |       |     1 ||     1
  Use: Scroll            |       |     5 ||     5
 Stab: Sleeping          |     3 |     3 ||     6
Armor: Leather armour    |    34 |    50 ||    84
Dodge: Dodged            |   117 |   105 ||   222
       Rpst.: Falchion   |    38 |    32 ||    70
